3L
PITTSBURGH KINGFISHERS @ BROOKLYN DODGERS
09/24/2042
 
TOP OF THE 1ST
Pittsburgh Kingfishers batting - Pitching for Brooklyn Dodgers : LHP Holden Rosen Grupp
Pitching: LHP Holden Rosen Grupp
Batting: LHB Naganori Inoue 0-0: Ball
1-0: Foul Ball, location: 2F
1-1: Foul Ball, location: 2F
1-2: Foul Ball, location: 2F
1-2: Ball
2-2: Ground out 5-3 (Groundball, 56S, EV 86.2 MPH)
Batting: RHB Rob Brooks 0-0: Ground out 6-3 (Groundball, 6, EV 82.5 MPH)
Batting: LHB Danny Trautmann 0-0: Foul Ball, location: 2F
0-1: Ball
1-1: Ball
2-1: Called Strike
2-2: Strikes out swinging
Top of the 1st over - 0 runs, 0 hits, 0 errors, 0 left on base; Pittsburgh 0 - Brooklyn 0
BOTTOM OF THE 1ST
Brooklyn Dodgers batting - Pitching for Pittsburgh Kingfishers : RHP Sjoerd Reynoud
Pitching: RHP Sjoerd Reynoud
Batting: SHB Koryusai Ohayashi 0-0: Called Strike
0-1: Ball
1-1: Ball
2-1: Ball
3-1: Base on Balls
Batting: LHB Huibrecht Bloemheuvel 0-0: Foul Ball, location: 2F
0-1: Ground out 3-1 (Groundball, 3L, EV 83.1 MPH)
Koryusai Ohayashi to second
Batting: RHB Juan Neváres 0-0: Called Strike
0-1: Ball
1-1: Called Strike
Koryusai Ohayashi steals 3rd base (no throw)
1-2: Foul Ball, location: 2F
1-2: Ground out 6-3 (Groundball, 6, EV 91.9 MPH)
Koryusai Ohayashi scores
Batting: LHB Tony Wonder 0-0: Ball
1-0: Ball
2-0: Called Strike
2-1: Fly out, F8 (Line Drive, 8RD, EV 90.0 MPH)
Bottom of the 1st over - 1 run, 0 hits, 0 errors, 0 left on base; Pittsburgh 0 - Brooklyn 1
TOP OF THE 2ND
Pittsburgh Kingfishers batting - Pitching for Brooklyn Dodgers : LHP Holden Rosen Grupp
Batting: RHB Krystof Melichar 0-0: Ball
1-0: Ground out 6-3 (Groundball, 6M, EV 80.0 MPH)
Batting: LHB Rafael Abasto 0-0: Ball
1-0: DOUBLE (Line Drive, 9LM, EV 106.2 MPH)
Batting: RHB Kjartan Einarsson 0-0: Called Strike
0-1: Ball
1-1: Ground out 3-1 (Groundball, 34, EV 88.1 MPH)
Rafael Abasto to third
Batting: RHB Junior Young 0-0: Ball
1-0: Foul Ball, location: 2F
1-1: Called Strike
1-2: Ball
2-2: Foul Ball, location: 2F
2-2: Ball
3-2: Foul Ball, location: 2F
3-2: SINGLE (Flyball, 78S, EV 89.4 MPH)
Rafael Abasto scores
Batting: SHB Yeow-whye Zhu Pickoff Throw to First - Out! 1-3
Top of the 2nd over - 1 run, 2 hits, 0 errors, 0 left on base; Pittsburgh 1 - Brooklyn 1
BOTTOM OF THE 2ND
Brooklyn Dodgers batting - Pitching for Pittsburgh Kingfishers : RHP Sjoerd Reynoud
Batting: SHB Fa-hsien Tze 0-0: Called Strike
0-1: Swinging Strike
0-2: Ball
1-2: Ball
2-2: Ball
3-2: Foul Ball, location: 2F
3-2: SINGLE (Groundball, 34D, EV 95.0 MPH)
Batting: RHB Joey Trifone 0-0: Ball
Fa-hsien Tze is caught stealing 2nd base 2-4
1-0: Swinging Strike
1-1: SINGLE (Flyball, 89S, EV 93.1 MPH)
Batting: RHB Quindarious Monday 0-0: Ball
1-0: Fly out, F8 (Line Drive, 8RD, EV 91.9 MPH)
Batting: RHB Ángel Saelices 0-0: Ball
1-0: Foul Ball, location: 2F
1-1: Ball
2-1: Foul Ball, location: 2F
2-2: Ball
3-2: Fly out, F8 (Flyball, 8LM, EV 92.5 MPH)
Bottom of the 2nd over - 0 runs, 2 hits, 0 errors, 1 left on base; Pittsburgh 1 - Brooklyn 1
TOP OF THE 3RD
Pittsburgh Kingfishers batting - Pitching for Brooklyn Dodgers : LHP Holden Rosen Grupp
Batting: SHB Yeow-whye Zhu 0-0: Swinging Strike
0-1: Ground out 5-3 (Groundball, 5S, EV 86.9 MPH)
Batting: RHB Loring Rommel 0-0: Called Strike
0-1: Ball
1-1: Swinging Strike
1-2: Strikes out looking
Batting: LHB Naganori Inoue 0-0: SINGLE (Line Drive, 56D, EV 99.4 MPH)
Batting: RHB Rob Brooks 0-0: Ball
1-0: Swinging Strike
1-1: Foul Ball, location: 2F
1-2: Fielders Choice at 2nd, 5-4 (Groundball, 56, EV 89.4 MPH)
Top of the 3rd over - 0 runs, 1 hit, 0 errors, 1 left on base; Pittsburgh 1 - Brooklyn 1
BOTTOM OF THE 3RD
Brooklyn Dodgers batting - Pitching for Pittsburgh Kingfishers : RHP Sjoerd Reynoud
Batting: RHB Alexis Hines 0-0: Ball
1-0: Ball
2-0: Ground out 6-3 (Groundball, 6, EV 103.1 MPH)
Batting: SHB Koryusai Ohayashi 0-0: Foul Ball, location: 2F
0-1: Foul Ball, location: 2F
0-2: Foul Ball, location: 2F
0-2: Foul Ball, location: 2F
0-2: Ball
1-2: Ball
2-2: Strikes out swinging
Batting: LHB Huibrecht Bloemheuvel 0-0: Ball
1-0: Ball
2-0: Foul Ball, location: 2F
2-1: Foul Ball, location: 2F
2-2: SINGLE (Groundball, 34, EV 93.8 MPH)
Batting: RHB Juan Neváres 0-0: Ball
Huibrecht Bloemheuvel steals 2nd base (no throw)
1-0: Foul Ball, location: 2F
1-1: Fly out, F1 (Line Drive, P, EV 75.0 MPH)
Bottom of the 3rd over - 0 runs, 1 hit, 0 errors, 1 left on base; Pittsburgh 1 - Brooklyn 1
TOP OF THE 4TH
Pittsburgh Kingfishers batting - Pitching for Brooklyn Dodgers : LHP Holden Rosen Grupp
Batting: LHB Danny Trautmann 0-0: Ball
1-0: Called Strike
1-1: Ball
2-1: Called Strike
2-2: Strikes out swinging
Batting: RHB Krystof Melichar 0-0: Ball
1-0: Ball
2-0: Swinging Strike
2-1: Foul Ball, location: 2F
2-2: Ball
3-2: DOUBLE (Flyball, 78D, EV 107.5 MPH)
Batting: LHB Rafael Abasto 0-0: Ground out U3 (Groundball, 3, EV 76.2 MPH)
Krystof Melichar to third
Batting: RHB Kjartan Einarsson 0-0: Foul Ball, location: 2F
0-1: Ground out 3-1 (Groundball, 34, EV 101.2 MPH)
Top of the 4th over - 0 runs, 1 hit, 0 errors, 1 left on base; Pittsburgh 1 - Brooklyn 1
BOTTOM OF THE 4TH
Brooklyn Dodgers batting - Pitching for Pittsburgh Kingfishers : RHP Sjoerd Reynoud
Batting: LHB Tony Wonder 0-0: Called Strike
0-1: SINGLE (Groundball, 4S, EV 66.9 MPH) (infield hit)
Batting: SHB Fa-hsien Tze 0-0: Foul Ball, location: 2F
0-1: Ball
1-1: Ball
2-1: Fielders Choice at 2nd, 4-6 (Groundball, 34, EV 106.2 MPH)
Batting: RHB Joey Trifone 0-0: Called Strike
0-1: Ball
1-1: Ball
2-1: Swinging Strike
2-2: Strikes out swinging
Batting: RHB Quindarious Monday 0-0: Ball
Fa-hsien Tze steals 2nd base
1-0: Foul Ball, location: 2F
1-1: Swinging Strike
1-2: Ball
2-2: Strikes out swinging
Bottom of the 4th over - 0 runs, 1 hit, 0 errors, 1 left on base; Pittsburgh 1 - Brooklyn 1
TOP OF THE 5TH
Pittsburgh Kingfishers batting - Pitching for Brooklyn Dodgers : LHP Holden Rosen Grupp
Batting: RHB Junior Young 0-0: Ball
1-0: Swinging Strike
1-1: Ball
2-1: Ground out 5-3 (Groundball, 56S, EV 81.9 MPH)
Batting: SHB Yeow-whye Zhu 0-0: Called Strike
0-1: Foul Ball, location: 2F
0-2: Ball
1-2: Ball
2-2: Ground out 6-3 (Groundball, 6, EV 86.2 MPH)
Batting: RHB Loring Rommel 0-0: Ball
1-0: Ball
2-0: Ball
3-0: Called Strike
3-1: Swinging Strike
3-2: Base on Balls
Batting: LHB Naganori Inoue 0-0: Ball
Loring Rommel is caught stealing 2nd base 2-6
Top of the 5th over - 0 runs, 0 hits, 0 errors, 0 left on base; Pittsburgh 1 - Brooklyn 1
BOTTOM OF THE 5TH
Brooklyn Dodgers batting - Pitching for Pittsburgh Kingfishers : RHP Sjoerd Reynoud
Batting: RHB Ángel Saelices 0-0: Ball
1-0: Ball
2-0: Called Strike
2-1: SINGLE (Flyball, 56D, EV 94.4 MPH)
Batting: RHB Alexis Hines 0-0: Called Strike
0-1: Ball
1-1: 2-RUN HOME RUN (Flyball, 8RXD, EV 108.1 MPH), Distance : 455 ft
Batting: SHB Koryusai Ohayashi 0-0: Ball
1-0: Ball
2-0: Ground out 5-3 (Groundball, 56, EV 77.5 MPH)
Batting: LHB Huibrecht Bloemheuvel 0-0: Called Strike
0-1: Ball
1-1: Called Strike
1-2: SINGLE (Groundball, 4MD, EV 97.5 MPH)
Batting: RHB Juan Neváres 0-0: Called Strike
0-1: Fielders Choice at 2nd, 6-4 (Groundball, 56, EV 90.0 MPH)
Batting: LHB Tony Wonder 0-0: Ball
1-0: Called Strike
1-1: Fly out, F7 (Flyball, 7S, EV 71.9 MPH)
Bottom of the 5th over - 2 runs, 3 hits, 0 errors, 1 left on base; Pittsburgh 1 - Brooklyn 3
TOP OF THE 6TH
Pittsburgh Kingfishers batting - Pitching for Brooklyn Dodgers : LHP Holden Rosen Grupp
Batting: LHB Naganori Inoue 0-0: Called Strike
0-1: SINGLE (Groundball, 56, EV 100.6 MPH) (infield hit)
Batting: RHB Rob Brooks 0-0: Called Strike
0-1: Ball
1-1: Grounds into double play, 4-6-3 (Groundball, 4, EV 104.4 MPH)
Batting: LHB Danny Trautmann 0-0: Ball
1-0: Ball
2-0: Fly out, F9 (Flyball, 89M, EV 77.5 MPH)
Top of the 6th over - 0 runs, 1 hit, 0 errors, 0 left on base; Pittsburgh 1 - Brooklyn 3
BOTTOM OF THE 6TH
Brooklyn Dodgers batting - Pitching for Pittsburgh Kingfishers : RHP Sjoerd Reynoud
Pitching: RHP Wes Gilmore
Batting: SHB Fa-hsien Tze 0-0: Called Strike
0-1: Ball
1-1: Foul Ball, location: 2F
1-2: Ball
2-2: Ground out 4-3 (Groundball, 4, EV 105.6 MPH)
Batting: RHB Joey Trifone 0-0: Called Strike
0-1: Called Strike
0-2: Ball
1-2: Ground out 6-3 (Groundball, 6, EV 85.0 MPH)
Batting: RHB Quindarious Monday 0-0: Ball
1-0: Ball
2-0: Called Strike
2-1: Called Strike
2-2: Strikes out swinging
Bottom of the 6th over - 0 runs, 0 hits, 0 errors, 0 left on base; Pittsburgh 1 - Brooklyn 3
TOP OF THE 7TH
Pittsburgh Kingfishers batting - Pitching for Brooklyn Dodgers : LHP Holden Rosen Grupp
Batting: RHB Krystof Melichar 0-0: Ball
1-0: Ground out 4-3 (Groundball, 34, EV 88.8 MPH)
Batting: LHB Rafael Abasto 0-0: Ball
1-0: Ball
2-0: Ball
3-0: Fly out, F7 (Flyball, 7S, EV 84.4 MPH)
Batting: RHB Kjartan Einarsson 0-0: Ball
1-0: Swinging Strike
1-1: Swinging Strike
1-2: Fly out, F7 (Flyball, 7LM, EV 95.6 MPH)
Top of the 7th over - 0 runs, 0 hits, 0 errors, 0 left on base; Pittsburgh 1 - Brooklyn 3
BOTTOM OF THE 7TH
Brooklyn Dodgers batting - Pitching for Pittsburgh Kingfishers : RHP Wes Gilmore
Batting: RHB Ángel Saelices 0-0: Called Strike
0-1: Foul Ball, location: 2F
0-2: Ball
1-2: Foul Ball, location: 2F
1-2: Ball
2-2: Ball
3-2: Foul Ball, location: 2F
3-2: Foul Ball, location: 2F
3-2: Fly out, F7 (Flyball, 7LSF, EV 98.8 MPH)
Batting: RHB Alexis Hines 0-0: Ball
1-0: Ball
2-0: Ball
3-0: Base on Balls
Pitching: RHP Gabriel Durango
Batting: SHB Koryusai Ohayashi 0-0: Ball
1-0: Foul Ball, location: 2F
1-1: Fielders Choice at 2nd, 4-6 (Groundball, 4, EV 78.8 MPH)
Batting: LHB Huibrecht Bloemheuvel 0-0: Called Strike
0-1: Fly out, F4 (Line Drive, 4, EV 68.1 MPH)
Bottom of the 7th over - 0 runs, 0 hits, 0 errors, 1 left on base; Pittsburgh 1 - Brooklyn 3
TOP OF THE 8TH
Pittsburgh Kingfishers batting - Pitching for Brooklyn Dodgers : LHP Holden Rosen Grupp
Batting: RHB Junior Young 0-0: Called Strike
0-1: Ball
1-1: Called Strike
1-2: Foul Ball, location: 2F
1-2: Fly out, F8 (Flyball, 8LXD, EV 92.5 MPH)
Batting: SHB Yeow-whye Zhu 0-0: Ground out 5-3 (Groundball, 56, EV 93.8 MPH)
Batting: RHB Loring Rommel 0-0: Ball
1-0: Ball
2-0: Ball
3-0: Base on Balls
Batting: LHB Naganori Inoue 0-0: Swinging Strike
0-1: Ball
1-1: Ball
2-1: Ball
3-1: Fielders Choice at 2nd, U4 (Groundball, 4M, EV 89.4 MPH)
Top of the 8th over - 0 runs, 0 hits, 0 errors, 1 left on base; Pittsburgh 1 - Brooklyn 3
BOTTOM OF THE 8TH
Brooklyn Dodgers batting - Pitching for Pittsburgh Kingfishers : RHP Gabriel Durango
Batting: RHB Juan Neváres 0-0: Called Strike
0-1: Swinging Strike
0-2: Ball
1-2: Ball
2-2: Strikes out looking
Batting: LHB Tony Wonder 0-0: Ball
1-0: Fly out, F7 (Flyball, 78D, EV 101.2 MPH)
Batting: SHB Fa-hsien Tze 0-0: Called Strike
0-1: Ball
1-1: Fly out, F7 (Flyball, 7D, EV 83.8 MPH)
Bottom of the 8th over - 0 runs, 0 hits, 0 errors, 0 left on base; Pittsburgh 1 - Brooklyn 3
TOP OF THE 9TH
Pittsburgh Kingfishers batting - Pitching for Brooklyn Dodgers : LHP Holden Rosen Grupp
Pitching: RHP Cliff Claven
Batting: RHB Rob Brooks 0-0: Called Strike
0-1: Ball
1-1: Ball
2-1: Swinging Strike
2-2: Strikes out swinging
Batting: LHB Danny Trautmann 0-0: Ground out 1-3 (Groundball, 15S, EV 60.6 MPH)
Batting: RHB Krystof Melichar 0-0: Ball
1-0: Called Strike
1-1: Ball
2-1: Ground out 6-3 (Groundball, 56, EV 103.1 MPH)
Top of the 9th over - 0 runs, 0 hits, 0 errors, 0 left on base; Pittsburgh 1 - Brooklyn 3
Friday, March 26th, 2021 - OOTP Baseball 20.8 Build 74